 Dungeon Crawl Stone Soup version 0.28.0-45-g0d030f2227 (webtiles) character file.

Game seed: 11940084711269934880

15060 MisterFreud the Basher (level 11, -1/96 HPs)
             Began as a Palentonga Fighter on Apr 1, 2022.
             Was a High Priest of Okawaru.
             Slain by a gargoyle
             ... wielding a +0 morningstar
              (24 damage)
             ... on level 11 of the Dungeon.
             The game lasted 00:24:25 (16682 turns).

MisterFreud the Basher (Palentonga Fighter)        Turns: 16682, Time: 00:24:26

Health: -1/96      AC: 19    Str: 28    XL:     11   Next: 96%
Magic:  17/17      EV:  7    Int:  9    God:    Okawaru [*****.]
Gold:   442        SH:  4    Dex: 11    Spells: 10/10 levels left

rFire   . . .      SeeInvis +   b - +3 flail
rCold   + . .      Faith    .   c - +0 buckler
rNeg    . . .      Spirit   .   I - +2 scale mail {rC+}
rPois   .          Reflect  .   z - +2 helmet of Mysticism {Stlth+}
rElec   .          Harm     .   (no cloak)
rCorr   .          Rampage  .   (no gloves)
Will    .....                   (no barding)
Stlth   +.........              l - amulet of the acrobat
HPRegen 0.26/turn               n - +6 ring of strength
MPRegen 0.15/turn               (no ring)

@: slowed, curled up, very slow
A: large, rugged brown scales 3, see invisible, deformed body, roll 1, armoured
tail, reflexive curl
a: Rolling Charge, Renounce Religion, Heroism, Finesse, Duel


You were on level 11 of the Dungeon.
You worshipped Okawaru.
Okawaru was extremely pleased with you.
You visited 2 branches of the dungeon, and saw 12 of its levels.

You collected 660 gold pieces.
You spent 218 gold pieces at shops.

Inventory:

Hand Weapons
 b - a +3 flail (weapon)
 o - the +1 short sword of Mihayt {freeze, rElec rF- rCorr Str+6}
   (You took it off a centaur on level 5 of the Dungeon)

   It freezes those it strikes, dealing additional cold damage.
   It can also slow down cold-blooded creatures.
   Str:       It affects your strength (+6).
   rF:        It makes you vulnerable to fire.
   rElec:     It insulates you from electricity.
   rCorr:     It protects you from acid and corrosion.
Missiles
 g - 4 atropa-tipped darts
 p - 11 poisoned darts
 r - 14 boomerangs
 u - 15 javelins
 G - a curare-tipped dart
Armour
 c - a +0 buckler (worn)
 z - the +2 helmet of Mysticism (worn) {Stlth+}
   (You bought it in a shop on level 7 of the Dungeon)

   Stlth:     It makes you more stealthy.
 I - a +2 scale mail of cold resistance (worn)
Jewellery
 l - an amulet of the acrobat (around neck)
 n - a +6 ring of strength (left hand)
 q - a ring of flight
 B - an amulet of guardian spirit
Wands
 a - a wand of flame (8)
 A - a wand of paralysis (1)
 D - a wand of polymorph (11)
 K - a wand of iceblast (4)
Scrolls
 f - a scroll of enchant armour
 i - 2 scrolls of enchant weapon
 m - a scroll of magic mapping
 w - 2 scrolls of amnesia
 x - 4 scrolls of identify
 y - a scroll of fear
Potions
 d - a potion of might
 e - 2 potions of lignification
 h - a potion of heal wounds
 j - a potion of berserk rage
 s - 2 potions of mutation
 t - 5 potions of curing
 v - a potion of ambrosia
 C - a potion of invisibility {unknown}
 F - a potion of flight {unknown}
 H - a potion of brilliance {unknown}
Miscellaneous
 k - a condenser vane
 E - a phantom mirror


   Skills:
 - Level 10.0 Fighting
 - Level 14.0 Maces & Flails
 - Level 6.0 Armour
 + Level 3.3 Shields
 - Level 8.0 Invocations


You had 10 spell levels left.
You didn't know any spells.
Your spell library contained the following spells:

 Spells                   Type           Power      Damage    Failure   Level
 Apportation              Tloc           0%         N/A       71%         1
 Foxfire                  Conj/Fire      0%         2x1d4     71%         1
 Magic Dart               Conj           0%         1d3       71%         1
 Sting                    Tmut/Pois      0%         1d3       71%         1
 Ensorcelled Hibernation  Hex/Ice        0%         N/A       83%         2
 Poisonous Vapours        Pois/Air       0%         N/A       83%         2
 Static Discharge         Conj/Air       0%         N/A       83%         2
 Conjure Flame            Conj/Fire      0%         6-21      97%         3
 Inner Flame              Hex/Fire       0%         N/A       97%         3
 Mephitic Cloud           Conj/Pois/Air  0%         N/A       97%         3
 Spider Form              Tmut/Pois      0%         N/A       97%         3
 Anguish                  Hex/Necr       0%         N/A       100%        4
 Dispel Undead            Necr           0%         3d6       100%        4
 Flame Wave               Conj/Fire      0%         2d4       100%        4
 Olgreb's Toxic Radiance  Pois           0%         N/A       100%        4
 Sticky Flame             Conj/Fire      0%         2d3       100%        4
 Animate Skeleton         Necr           Unusable   N/A       N/A         1
 Summon Small Mammal      Summ           Unusable   N/A       N/A         1
 Call Imp                 Summ           Unusable   N/A       N/A         2
 Call Canine Familiar     Summ           Unusable   N/A       N/A         3
 Summon Guardian Golem    Hex/Summ       Unusable   N/A       N/A         3

Dungeon Overview and Level Annotations

Branches:
Dungeon (11/15)            Temple (1/1) D:5             Orc (0/2) D:9
   Lair: D:8-11

Altars:
Ashenzari
Cheibriados
Dithmenos
Elyvilon
Fedhas
Gozag
Hepliaklqana
Kikubaaqudgha
Makhleb
Nemelex Xobeh
Okawaru
Qazlal
Ru
Sif Muna
Trog
Uskayaw
Vehumet
Wu Jian
Xom
Yredelemnul
Zin
The Shining One

Shops:
D:7 [

Annotations:
D:8 1 exclusion


Innate Abilities, Weirdness & Mutations

You are completely covered in rugged brown scales. (AC +3, +7% HP)
You have supernaturally acute eyesight. (SInv)
Armour fits poorly on your strangely shaped body.
You can roll at nearby foes to attack.
You have a long armoured tail.
You curl defensively after being hit. (AC +7*)


Message History

The wraith is almost destroyed.
The wraith hits you but does no damage.
You hit the wraith but do no damage.
The wraith is almost destroyed.
The wraith hits you but does no damage.
You hit the wraith but do no damage.
The wraith is almost destroyed.
You block the wraith's attack.
You barely miss the wraith.
The wraith is almost destroyed.
The wraith barely misses you.
You hit the wraith but do no damage. You tail-slap the wraith.
You destroy the wraith!
Okawaru accepts your kill.
You hit the gargoyle but do no damage.
The gargoyle hits you with a +0 morningstar!!
You bludgeon the gargoyle!!
The gargoyle is severely damaged.
The gargoyle hurls a stone arrow at you.
The stone arrow misses you.
The gargoyle hits you with a +0 morningstar!
You closely miss the gargoyle.
The gargoyle is severely damaged.
The gargoyle hits you with a +0 morningstar.
You hit the gargoyle but do no damage.
The gargoyle is severely damaged.
The gargoyle hits you with a +0 morningstar!
You completely miss the gargoyle.
The gargoyle is severely damaged.
The gargoyle hits you with a +0 morningstar!
* * * LOW HITPOINT WARNING * * *
You hit the gargoyle but do no damage.
The gargoyle is severely damaged.
The gargoyle hits you with a +0 morningstar.
* * * LOW HITPOINT WARNING * * *
You hit the gargoyle.
You tail-slap the gargoyle, but do no damage.
The gargoyle is almost destroyed.
The gargoyle hits you with a +0 morningstar!!
You die...

.##≈≈...≈≈≈≈≈...≈≈##.O.##
###≈≈≈...≈≈≈...≈≈≈###∩###
♣ #≈≈≈≈...≈...≈≈≈≈#.♣.♣.#
≈ #≈≈≈≈≈.....≈≈≈≈≈#♣.♣.♣#
♣♣#≈≈≈≈≈≈♣.♣≈≈≈≈≈≈#.♣.♣.#
#♣≈≈≈≈≈♣.♣≈≈≈≈≈♣#♣.♣.♣#
#######.########.♣.♣.#
♣...........♣♣#♣.♣.♣#
♣.###########@♣ ♣♣p♣
.⌠....9........
#######.♣♣♣♣.♣♣ .♣♣ #


You could see a gargoyle.

Vanquished Creatures
  A frost giant (D:11)
  A death knight (D:11)
  A centaur warrior (D:11)
  3 two-headed ogres
  Urug (D:10)
  A deep elf pyromancer (D:9)
  A cyclops (D:8)
  A troll (D:10)
  Prince Ribbit (D:7)
  A slime creature (D:8)
  5 shadows
  A vampire (D:11)
  4 fire bats (D:8)
  2 wraiths (D:11)
  10 yaks
  A basilisk (D:11)
  3 vampire mosquitoes (D:10)
  2 steam dragons (D:8)
  A hell hound (D:8)
  6 orc warriors
  An ice beast (D:6)
  2 black bears
  3 ogres
  10 centaurs
  2 phantoms
  2 kobold brigands
  A gnoll sergeant (D:6)
  A bullfrog (D:8)
  3 scorpions
  A wyvern skeleton (D:7)
  10 killer bees
  6 wights
  An electric eel (D:11)
  3 howler monkeys (D:10)
  4 centaur zombies
  2 hounds
  2 gnoll shamans
  6 orc priests
  A bullfrog skeleton (D:4)
  A centaur skeleton (D:7)
  3 iguanas
  14 orc wizards
  A scorpion zombie (D:4)
  A killer bee zombie (D:7)
  6 ogre zombies (D:9)
  9 gnolls
  6 adders
  2 white imps
  2 ufetubi
  An adder skeleton (D:4)
  2 dart slugs (D:1)
  37 orcs
  5 endoplasms
  3 giant cockroaches
  4 goblins
  10 hobgoblins
  3 quokkas
  9 ball pythons
  A bat (D:1)
  2 frilled lizards (D:1)
  A goblin skeleton (D:9)
  3 goblin zombies (D:9)
  A hobgoblin skeleton (D:9)
  2 hobgoblin zombies (D:9)
  12 kobolds
  2 orc skeletons (D:9)
  10 orc zombies (D:9)
  6 rats
267 creatures vanquished.

Vanquished Creatures (others)
  A fire vortex (D:8)
  16 plants
17 creatures vanquished.

Grand Total: 284 creatures vanquished

Notes
Turn   | Place    | Note
-------+----------+-------------------------------------------
     0 | D:1      | MisterFreud the Palentonga Fighter began the quest for the
                  | Orb.
     0 | D:1      | Reached XP level 1. HP: 19/19 MP: 1/1
    84 | D:1      | Reached XP level 2. HP: 22/25 MP: 2/2
   245 | D:1      | Reached skill level 3 in Maces & Flails
   936 | D:2      | Reached XP level 3. HP: 13/31 MP: 3/3
  1203 | D:2      | Found a faded altar of an unknown god.
  1457 | D:2      | Reached skill level 4 in Maces & Flails
  2172 | D:3      | Found a broken altar of Ashenzari.
  2176 | D:3      | Saw a vision of the Shoals and the Snake Pit.
  2176 | D:3      | Noticed a merfolk siren
  2176 | D:3      | Noticed a black mamba
  2176 | D:3      | Noticed a sea snake
  2176 | D:3      | Noticed a wind drake
  2176 | D:3      | Noticed a black mamba
  2177 | D:3      | Noticed a mana viper
  2468 | D:4      | Reached XP level 4. HP: 23/37 MP: 4/4
  2476 | D:4      | Noticed a scorpion
  2478 | D:4      | Killed a scorpion
  2479 | D:4      | Reached skill level 5 in Maces & Flails
  2710 | D:4      | Reached XP level 5. HP: 27/43 MP: 5/5
  3234 | D:4      | Found a shadowy altar of Dithmenos.
  3235 | D:4      | Found a radiant altar of Vehumet.
  3456 | D:4      | Reached skill level 6 in Maces & Flails
  3464 | D:4      | Noticed an ogre
  3465 | D:4      | Noticed a phantom
  3469 | D:4      | Killed an ogre
  3470 | D:4      | Reached XP level 6. HP: 21/50 MP: 6/6
  3528 | D:4      | HP: 1/50 [hound (5)]
  4078 | D:5      | Entered Level 5 of the Dungeon
  4366 | D:5      | Identified the +1 short sword of Mihayt {freeze, rElec rF-
                  | rCorr Str+6}
  4372 | D:5      | Gained mutation: You curl defensively after being hit. (AC
                  | +7*) [Palentonga growth]
  4372 | D:5      | Reached XP level 7. HP: 50/58 MP: 7/7
  4585 | D:5      | Reached skill level 7 in Maces & Flails
  4823 | D:5      | Found a shimmering altar of Xom.
  4985 | D:5      | Found a blossoming altar of Fedhas.
  5026 | D:5      | Reached skill level 5 in Fighting
  5032 | D:5      | Found a white marble altar of Elyvilon.
  5032 | D:5      | Found an ancient bone altar of Kikubaaqudgha.
  5104 | D:5      | Found a shimmering blue altar of Sif Muna.
  5106 | D:5      | Found a staircase to the Ecumenical Temple.
  5116 | Temple   | Entered the Ecumenical Temple
  5360 | Temple   | Became a worshipper of Warmaster Okawaru
  5809 | D:6      | Reached XP level 8. HP: 57/68 MP: 8/8
  6015 | D:7      | Reached skill level 8 in Maces & Flails
  6027 | D:7      | HP: 3/68 [poisoned by a killer bee]
  6029 | D:7      | HP: 1/68 [poisoned by a killer bee]
  6364 | D:7      | Found an opulent altar of Gozag.
  6731 | D:7      | Noticed Prince Ribbit
  7067 | D:6      | Found an ornate altar of the Wu Jian Council.
  7072 | D:6      | Reached skill level 9 in Maces & Flails
  7283 | D:6      | Reached * piety under Okawaru
  7761 | D:7      | Reached skill level 1 in Invocations
  7773 | D:7      | Killed Prince Ribbit
  8268 | D:7      | Found Pach's Antique Armour Shoppe.
  8271 | D:7      | Bought a scorched helmet for 218 gold pieces
  8271 | D:7      | Identified the +2 helmet of Mysticism {Stlth+} (You bought
                  | it in a shop on level 7 of the Dungeon)
  8370 | D:7      | Reached skill level 10 in Maces & Flails
  8502 | D:7      | Reached XP level 9. HP: 68/73 MP: 12/12
  8618 | D:7      | Found a glowing silver altar of Zin.
  8812 | D:7      | Found a sacrificial altar of Ru.
  9234 | D:8      | Reached ** piety under Okawaru
  9235 | D:8      | Reached skill level 11 in Maces & Flails
  9547 | D:8      | Noticed a cyclops
  9550 | D:8      | Noticed a two-headed ogre
  9575 | D:8      | Killed a two-headed ogre
  9576 | D:8      | Reached skill level 12 in Maces & Flails
  9732 | D:8      | Killed a cyclops
  9732 | D:8      | Reached *** piety under Okawaru
  9948 | D:8      | Reached skill level 13 in Maces & Flails
  9948 | D:8      | Reached XP level 10. HP: 42/81 MP: 13/13
 10352 | D:8      | Reached **** piety under Okawaru
 10723 | D:8      | Identified the +2 robe of Sif Muna's Benevolence {*Corrode
                  | +Inv rC+ Stlth+}
 11300 | D:8      | Found a glowing golden altar of the Shining One.
 11385 | D:9      | Reached skill level 14 in Maces & Flails
 11764 | D:9      | Noticed a deep elf pyromancer
 11777 | D:9      | Killed a deep elf pyromancer
 12316 | D:9      | Reached ***** piety under Okawaru
 12397 | D:9      | Found a staircase to the Orcish Mines.
 13466 | D:10     | Entered Level 10 of the Dungeon
 13809 | D:10     | Reached XP level 11. HP: 84/90 MP: 14/14
 13835 | D:10     | Reached skill level 5 in Invocations
 13851 | D:10     | Reached skill level 5 in Armour
 13851 | D:10     | Noticed Urug
 14262 | D:10     | Killed Urug
 15537 | D:11     | Noticed a two-headed ogre
 15540 | D:11     | Noticed a centaur warrior
 15541 | D:11     | Killed a two-headed ogre
 15541 | D:11     | Received a gift from Okawaru
 15550 | D:11     | Killed a centaur warrior
 15779 | D:11     | Noticed a death knight
 15779 | D:11     | Noticed a two-headed ogre
 15809 | D:11     | Killed a two-headed ogre
 15812 | D:11     | Killed a death knight
 16153 | D:11     | Noticed a frost giant
 16162 | D:11     | HP: 1/95 [frost giant/+2 battleaxe of freezing (7)]
 16169 | D:11     | Killed a frost giant
 16170 | D:11     | Reached skill level 10 in Fighting
 16682 | D:11     | Slain by a gargoyle

Illustrated notes

Levels and vault maps discovered:
D:1:      lightli_molten_gateway, layout_loops_ring,
          minmay_misc_feat_more_columns
D:2:      layout_basic, shapermc_ecumenical_altar_mp_vishouse
D:3:      layout_basic, grunt_ashenzari_visionary
          [grunt_ashenzari_visionary_shoals, grunt_ashenzari_visionary_snake],
          serial_bayou_crossing
D:4:      layout_loops_ring, grunt_temple_overflow_open, minmay_surrounded
D:5:      layout_basic, fedhas_bush_and_centaur_altar,
          chequers_temple_overflow_statue_of_worship,
          mainiacjoe_overflow_chevrons, temple_fountains,
          serial_co_window_serial, co_window_paths_b, co_window_paths_a,
          co_window_paths_a, co_window_corner_a, co_window_corner_a,
          co_window_corner_b, co_window_broadway_c, co_window_of_opportunity_b,
          co_window_of_opportunity_b, co_window_corner_ca,
          co_window_unsneaky_path_c, co_window_4corner_a, co_window_paths_e
D:6:      layout_loops_ring, mainiacjoe_overflow_alcove_1
D:7:      layout_loops_corners, kennysheep_mini, grunt_gozag_statues,
          zin_statuary, serial_shops, kennysheep_mini_moat, uniq_prince_ribbit1
D:8:      minmay_ornate_pinched, layout_rooms, nicolae_tso_swordbearing_angel,
          hangedman_incinerator
D:9:      layout_irregular_city, zombieorc1_lemuel
D:10:     layout_rooms, uniq_urug
D:11:     nzn_winding_woodlands_stair_trap [nzn_winding_woodlands_5x15_jagged,
          nzn_winding_woodlands_5x15_lazy_stream,
          nzn_winding_woodlands_5x15_cabin, nzn_winding_woodlands_15x15_eel_pit,
          nzn_winding_woodlands_5x15_longhouse,
          nzn_winding_woodlands_5x15_pathside_ponds,
          nzn_winding_woodlands_5x15_split_checker], layout_basic,
          minmay_lair_entry_grove, minmay_shop_grid_forest
Temple:   nicolae_temple_figure_zero

Skill      XL: |  1  2  3  4  5  6  7  8  9 10 11 |
---------------+----------------------------------+-----
Maces & Flails | 3 4 5 6 7 10 13 14 | 14.0
Fighting       | 4 5 6 7 10 | 10.0
Invocations    | 4 8 |  8.0
Armour         | 4 6 |  6.0
Shields        | 3 |  3.3

Action                   |  1- 3 |  4- 6 |  7- 9 | 10-12 || total
-------------------------+-------+-------+-------+-------++-------
Melee: Flail             |   118 |    98 |   282 |   490 ||   988
       Tailslap          |    15 |    10 |    33 |    88 ||   146
Invok: Heroism           |       |       |     2 |     8 ||    10
       Finesse           |       |       |       |     1 ||     1
 Abil: Rolling Charge    |    14 |    18 |    31 |    32 ||    95
Evoke: Wand              |       |       |       |     2 ||     2
  Use: Scroll            |       |     7 |     5 |     5 ||    17
       Potion            |       |     4 |     1 |     2 ||     7
Armor: Scale mail        |    61 |    36 |   107 |   173 ||   377
       Skin              |       |    15 |       |       ||    15
Dodge: Dodged            |    40 |    32 |   101 |   177 ||   350
Block: Buckler           |    25 |    16 |    41 |    66 ||   148
